AoeStats
← El Pepe

Arabian Desert

510959855Analyzed
1v1 RM · 9h ago on Oct 3, 2026· 39m 36s· 2 players
Game mode
Random Map
Map size
Tiny (2 player)
Population
200
Speed
Normal
Resources
Standard
Victory
Conquest
Starting age
Dark Age
Ending age
Imperial Age
RankedLock teamsTeams togetherTeam positionsShared explorationLock speedFull tech treeHidden civsTurbo modeCheats
Victory
Defeat
🇦🇷 Khmer · Argentina
1073
+16
🇫🇷 Saxons · France
1081
-16
El Pepe
7:17 Loom
9:28 Feudal Age
10:11 Double-Bit Axe
10:17 Gold Mining
12:33 Fletching
12:45 Horse Collar
13:51 Padded Archer Armor
16:03 Wheelbarrow
22:26 Castle Age
21:17 Bloodlines
23:23 Scale Barding Armor
22:45 Crossbowman
24:57 Forging
24:50 Husbandry
24:57 Light Cavalry
26:26 Chain Barding Armor
28:48 Bow Saw
28:38 Heavy Plow
33:35 Imperial Age
31:54 Stone Mining
35:57 Arbalester
36:33 Bodkin Arrow
37:49 Bracer
39:19 Plate Barding Armor
38:46 Cavalier
trapacoc
8:32 Loom
11:06 Feudal Age
16:48 Scale Barding Armor
17:13 Bloodlines
22:36 Castle Age
21:41 Forging
22:52 Light Cavalry
23:41 Husbandry
26:25 Double-Bit Axe
32:40 Wheelbarrow
32:51 Town Watch
Connection lost

Rejoining the realm…

Still unreachable

The connection could not be restored.

Session expired

The server has moved on; the page needs a fresh start.